 Dungeon Crawl Stone Soup version 0.18-a0-1343-g48c8f86 (webtiles) character file.

58 namelastname112 the Conjurer (level 3, -2/26 HPs)
             Began as a Draconian Conjurer on Feb 16, 2016.
             Shot themself with a magic dart (3 damage)
             ... on level 2 of the Dungeon.
             The game lasted 00:03:00 (1595 turns).

namelastname112 the Conjurer (Draconian Conjurer)   Turns: 1595, Time: 00:03:00

Health: -2/26      AC:  5    Str: 10    XL:     3   Next: 75%
Magic:  6/7        EV: 12    Int: 14    God:
Gold:   23         SH:  0    Dex: 11    Spells: 2 memorised, 5 levels left

rFire  . . .     SeeInvis +     b - bread ration
rCold  . . .     Gourm    .     (armour unavailable)
rNeg   . . .     Faith    .     (no shield)
rPois  .         Spirit   .     (helmet restricted)
rElec  .         Dismiss  .     (no cloak)
rCorr  .         Reflect  .     (no gloves)
SustAt .         Harm     .     (no boots)
MR     .....                    (no amulet)
Stlth  ++........               (no ring)
                                (no ring)

@: lethally poisoned (-2 -> -6), not resistant to hostile enchantments,
unstealthy
A: unfitting armour, see invisible, deterioration 1, dopey 1, cold-blooded, AC
+5
a: no special abilities


You were on level 2 of the Dungeon.
You were hungry.

You visited 1 branch of the dungeon, and saw 2 of its levels.

You collected 23 gold pieces.

Inventory:

Hand Weapons
 g - a +0 dagger
Scrolls
 c - a scroll of fear {unknown}
 d - a scroll of identify {unknown}
 e - 3 scrolls of blinking {unknown}
Books
 a - a book of Conjurations

   Spells                             Type                      Level
   a - Magic Dart                     Conjuration                  1
   b - Searing Ray                    Conjuration                  2
   c - Dazzling Spray                 Conjuration/Hexes            3
   d - Fulminant Prism                Conjuration/Hexes            4
   e - Iskenderun's Mystic Blast      Conjuration                  4
   f - Iskenderun's Battlesphere      Conjuration/Charms           5
Comestibles
 b - a bread ration (in hand)


   Skills:
 - Level 1.7 Dodging
 - Level 1.7 Stealth
 + Level 3.1 Spellcasting
 + Level 4.7 Conjurations


You had 5 spell levels left.
You knew the following spells:

 Your Spells              Type           Power        Failure   Level  Hunger
x - Searing Ray           Conj           ###...       4%          2    ##.....
z - Magic Dart            Conj           ###.         2%          1    #......


Dungeon Overview and Level Annotations

Branches:
Dungeon (2/15)

Altars:


Innate Abilities, Weirdness & Mutations

Your plain brown scales are hard (AC +5).
Your body does not fit into most forms of armour.
You are cold-blooded and may be slowed by cold attacks.
You have supernaturally acute eyesight.
Your body sometimes deteriorates upon taking damage.
You are dopey. (Int -2)


Message History

You are unstealthy.
Read which item? (? for menu, Esc to quit)
You don't have any such object.
Read which item? (? for menu, Esc to quit)
You don't have any such object.
Read which item? (? for menu, Esc to quit)
You don't have any such object.
Read which item? (? for menu, Esc to quit)
Okay, then.
Unknown command.
Casting: Magic Dart
Confirm with . or Enter, or press ? or * to list all spells.
You don't know that spell.
Casting: Magic Dart
Confirm with . or Enter, or press ? or * to list all spells.
Aiming: Magic Dart
Press: ? - help, Shift-Dir - straight line, f - you Really target yourself?
The magic dart hits you!
You die...

# . ###. #.
....####. ##
........## #.# #
##....>..###.##..
.. ......#......
#.##)##....##).
#..<.†.........
####.@##...###.
#..# ...# #..#
#.... #..# #.###
#..# .. #..# ##
...# ...#


There were no monsters in sight!

Vanquished Creatures
  An adder (D:2)
  An ooze (D:1)
  4 giant geckos
  2 giant cockroaches (D:1)
  6 goblins
  6 hobgoblins
  3 jackals (D:1)
  6 bats (D:1)
  3 giant newts (D:1)
  3 kobolds (D:1)
  3 rats
38 creatures vanquished.

Notes
Turn   | Place    | Note
--------------------------------------------------------------
     0 | D:1      | namelastname112 the Draconian Conjurer began the quest for the Orb.
     0 | D:1      | Reached XP level 1. HP: 14/14 MP: 3/3
   203 | D:1      | Reached XP level 2. HP: 11/20 MP: 0/5
   365 | D:1      | Learned a level 2 spell: Searing Ray
  1053 | D:1      | Reached XP level 3. HP: 26/26 MP: 1/7
  1584 | D:2      | Gained mutation: You have supernaturally acute eyesight. [potion of mutation]
  1584 | D:2      | Gained mutation: You are dopey. (Int -2) [potion of mutation]
  1584 | D:2      | Gained mutation: Your body sometimes deteriorates upon taking damage. [potion of mutation]
  1594 | D:2      | HP: 1/26 [poisoned by an adder]
  1595 | D:2      | Shot themself with a magic dart

Vault maps used:
D:1:      lightli_arrival_farm, st_stairs_7
D:2:      lemuel_doored_altar, uniq_robin

Action                   || total
-------------------------++-------
Melee: Unarmed           ||    32
       Dagger            ||    30
 Cast: Magic Dart        ||    51
       Searing Ray       ||     1
  Use: Potion            ||     3
  Eat: Chunk             ||     2
